 Dungeon Crawl Stone Soup version 0.30.0-18-gc0e69614cb (webtiles) character file.

Game seed: 769025400639757646

148 KittyFluff the Cudgeller (level 5, -1/49 HPs)
             Began as a Gargoyle Berserker on May 23, 2023.
             Was a Believer of Trog.
             Slain by Terence
             ... wielding a +0 hand axe
              (3 damage)
             ... on level 3 of the Dungeon.
             The game lasted 00:07:54 (2033 turns).

KittyFluff the Cudgeller (Gargoyle Berserker)       Turns: 2033, Time: 00:07:55

Health: -1/49      AC:  7    Str: 20    XL:     5   Next: 30%
Magic:  5/5        EV: 12    Int:  8    God:    Trog [**....]
Gold:   102        SH:  0    Dex: 11    Spells: 4/4 levels left

rFire   . . .        a - +0 mace
rCold   . . .        (no shield)
rNeg    + . .        b - +0 animal skin
rPois   ∞            (no helmet)
rElec   +            h - +0 cloak
rCorr   .            (no gloves)
SInv    .            (no boots)
Will    .....        (no amulet) Stlth
                     (no ring)
HPRegen 0.28/turn    (no ring)
MPRegen 0.09/turn

%: no passive effects
@: berserking (expiring), very quick
A: sickness immunity, AC +4, negative energy resistance 1, electricity
resistance, torment resistance 1, petrification resistance
a: Renounce Religion, Berserk, Trog's Hand


You were on level 3 of the Dungeon.
You worshipped Trog.
Trog was pleased with you.
You visited 1 branch of the dungeon, and saw 3 of its levels.

You collected 102 gold pieces.

Inventory:

Hand Weapons
 a - a +0 mace (weapon)
 f - a +0 arbalest
Missiles
 d - a stone
 i - 10 poisoned darts (quivered)
Armour
 b - a +0 animal skin (worn)
 h - a +0 cloak (worn)
Jewellery
 r - an amulet of guardian spirit
Wands
 m - a wand of iceblast (6)
Scrolls
 c - a scroll of butterflies {unknown}
 e - a scroll of teleportation {unknown}
 g - a scroll of magic mapping
 j - 2 scrolls of immolation {unknown}
 l - a scroll of amnesia {unknown}
 o - a scroll of enchant weapon {unknown}
 p - a scroll of enchant armour {unknown}
 s - 2 scrolls of blinking {unknown}
Potions
 k - 3 potions of curing
 n - a potion of degeneration
 q - a potion of resistance


   Skills:
 + Level 4.1 Fighting
 + Level 4.5 Maces & Flails
 * Level 3.1 Armour
 + Level 2.0 Dodging
 + Level 0.2 Stealth


You had 4 spell levels left.
You didn't know any spells.
Your spell library was empty.

Dungeon Overview and Level Annotations

Branches:
Dungeon (3/15)

Altars:
Yredelemnul

Annotations:
D:3 Terence


Innate Abilities, Weirdness & Mutations

You are immune to sickness and miasma.
Your stone body is resilient. (AC +4)
You are immune to poison.
You resist negative energy. (rN+)
You are resistant to electric shocks. (rElec)
You are resistant to unholy torment.
You are immune to petrification.


Message History

The gnoll is almost dead.
The gnoll barely misses you. The gnoll hits you but does no damage.
You hit the gnoll.
You kill the gnoll!
Trog accepts your kill. The gnoll closely misses you.
A red film seems to cover your vision as you go berserk!
You feel yourself moving faster!
You feel mighty! Terence hits you but does no damage.
The gnoll barely misses you.
The gnoll hits you from afar with a +0 spear.
The gnoll misses you.
You hit Terence.
Terence is lightly wounded.
Terence hits you with a +0 hand axe. The gnoll barely misses you.
The gnoll closely misses you. The gnoll barely misses you.
You barely miss Terence.
Terence is lightly wounded.
Terence misses you. The gnoll hits you with a +0 whip.
You hit Terence.
Terence is heavily wounded.
The gnoll hits you with a +0 club. The gnoll closely misses you.
Terence misses you. The gnoll barely misses you.
You thump Terence!
Terence is almost dead.
The gnoll barely misses you.
The gnoll hits you from afar with a +0 spear.
Terence hits you with a +0 hand axe.
* * * LOW HITPOINT WARNING * * *
The gnoll hits you with a +0 whip.
* * * LOW HITPOINT WARNING * * *
You hit Terence.
Terence is almost dead.
The gnoll hits you from afar with a +0 spear.
* * * LOW HITPOINT WARNING * * *
The gnoll hits you with a +0 club.
* * * LOW HITPOINT WARNING * * *
You hit Terence.
Terence is almost dead.
Terence hits you with a +0 hand axe.
You die...

≈ ⌠.#.##...$.# ≈≈
.#.#.......
≈≈≈###..#.......
≈≈≈~....#.......
≈≈≈~...........#
≈≈###...g...... ..#≈
#...#g#....... ⌠.#≈
#.⌠.#@#@...... .
.#≈~#...#@#......#
..###~..~###g.g.#...##
..............#######
.............##
.......#####..#
#.......# #.#######
#.# ####
######.########..#


You could see Terence and 3 gnolls.

Vanquished Creatures
  A scorpion (D:2)
  Natasha (D:3)
  A gnoll (D:3)
  2 worms (D:2)
  2 dart slugs
  2 endoplasms (D:2)
  2 giant cockroaches
  7 goblins
  3 hobgoblins (D:2)
  2 jackals (D:3)
  5 kobolds
  3 quokkas
  6 ball pythons
  A bat (D:1)
  4 frilled lizards
  3 rats
45 creatures vanquished.

Notes
Turn   | Place    | Note
-------+----------+-------------------------------------------
     0 | D:1      | KittyFluff the Gargoyle Berserker began the quest for the
                  | Orb.
     0 | D:1      | Reached XP level 1. HP: 14/14 MP: 1/1
   287 | D:1      | Reached XP level 2. HP: 17/19 MP: 2/2
   983 | D:2      | Reached XP level 3. HP: 16/23 MP: 3/3
  1171 | D:2      | Noticed a scorpion
  1182 | D:2      | Killed a scorpion
  1183 | D:2      | Reached XP level 4. HP: 29/29 MP: 4/4
  1318 | D:2      | Found a basalt altar of Yredelemnul.
  1809 | D:3      | Reached ** piety under Trog
  1873 | D:3      | Noticed Natasha
  1893 | D:3      | Killed Natasha
  1894 | D:3      | Reached XP level 5. HP: 25/33 MP: 5/5
  2014 | D:3      | Noticed Terence
  2032 | D:3      | HP: 2/49 [gnoll/+0 club (3)]
  2033 | D:3      | Slain by Terence

Illustrated notes

Levels and vault maps discovered:
D:1:      saegor_arrival_under_anarchy, layout_loops_ring, minmay_pentomino_z2
D:2:      layout_loops_corners, basic_altar, dreamdust_wishing_well,
          serial_bayou_lagoon_b
D:3:      layout_rooms, chequers_temple_overflow_statue_of_worship,
          fountainhead, chequers_arboretum, uniq_terence, uniq_natasha

Skill      XL: |  1  2  3  4 |
---------------+-------------+-----
Maces & Flails | 4 |  4.5
Dodging        | 2 |  2.0
Fighting       | 4 |  4.1
Armour         | 3 |  3.1
Stealth        | |  0.2

Action                     |  1- 3 |  4- 6 || total
---------------------------+-------+-------++-------
  Melee: Mace              |    91 |    81 ||   172
         Punch             |     1 |     1 ||     2
 Invoke: Berserk           |       |     1 ||     1
    Use: Scroll            |     1 |     3 ||     4
 Armour: Animal skin       |    33 |    19 ||    52
  Dodge: Dodged            |    62 |    67 ||   129
